 Dungeon Crawl Stone Soup version 0.30-a0-630-g881e3bac89 (webtiles) character file.

Game seed: 8519065322307396675

191 Rrauwl the Cudgeller (level 6, 0/52 HPs)
             Began as a Meteoran Fighter on Jan 13, 2023.
             Succumbed to tensugalgo's ghost's poison
             ... on level 3 of the Dungeon.
             The game lasted 00:08:23 (1469 turns).

Rrauwl the Cudgeller (Meteoran Fighter)             Turns: 1469, Time: 00:08:23

Health: 0/52       AC: 10    Str: 19      XL:     6   Next: 22%
Magic:  7/7        EV:  7    Int: 10      God:
Gold:   76         SH:  6    Dex: 12 (14) Spells: 5/5 levels left

rFire   . . .      SeeInvis .    a - +0 flail
rCold   . . .      Faith    .    c - +1 buckler
rNeg    . . .      Spirit   +    d - +0 chain mail
rPois   .          Reflect  .    b - +0 helmet
rElec   .          Harm     .    (no cloak)
rCorr   .          Rampage  .    (no gloves)
Will    .....                    (no boots) Stlth
                                 g - amulet of guardian spirit
HPRegen 0.28/turn                (no ring)
MPRegen 0.10/turn                (no ring)

@: lethally poisoned (0 -> -18), glowing
A: sense surroundings 1, otherworldly, glowing, explore regen
a: no special abilities


You were on level 3 of the Dungeon.
You visited 1 branch of the dungeon, and saw 3 of its levels.

You collected 76 gold pieces.

Inventory:

Hand Weapons
 a - a +0 flail (weapon)
Missiles
 f - 2 throwing nets (quivered)
Armour
 b - a +0 helmet (worn)
 c - a +1 buckler (worn)
 d - a +0 chain mail (worn)
 i - a +0 tower shield
Jewellery
 g - an amulet of guardian spirit (around neck)
Scrolls
 e - a scroll of enchant armour
 h - a scroll of identify {unknown}


   Skills:
 + Level 4.1 Fighting
 + Level 5.2 Maces & Flails
 + Level 4.4 Armour
 + Level 1.0 Dodging
 + Level 4.6 Shields


You had 5 spell levels left.
You didn't know any spells.
Your spell library contained the following spells:

 Spells                   Type           Power      Damage    Failure   Level
 Apportation              Tloc           0%         N/A       99%         1
 Necrotise                Necr           0%         1d4       99%         1
 Sandblast                Erth           0%         2d4       99%         1
 Summon Small Mammal      Summ           0%         N/A       99%         1
 Passwall                 Tmut/Erth      0%         N/A       100%        2
 Stone Arrow              Conj/Erth      0%         3d7       100%        3


Dungeon Overview and Level Annotations

Branches:
Dungeon (3/15) Zot: 268

Altars:
Gozag

Annotations:
D:3 tensugalgo's ghost, weakling AtRe


Innate Abilities, Weirdness & Mutations

You passively map a small area around you.
You are easily found by Zot.
You glow in the dark.
You regain HP and MP as you explore.


Message History

You closely miss tensugalgo's ghost.
Tensugalgo's ghost is moderately damaged.
You feel very sick. The hobgoblin closely misses you.
You block the phantom's attack. Tensugalgo's ghost closely misses you.
You barely miss tensugalgo's ghost.
Tensugalgo's ghost is moderately damaged.
You feel very sick.
Tensugalgo's ghost hits you but does no damage.
You are more poisoned.
The hobgoblin hits you but does no damage.
The phantom hits you but does no damage.
The phantom hits you.
The phantom blinks!
You blink.
You feel very sick. The phantom hits you.
The phantom blinks!
You feel very sick.
You barely miss tensugalgo's ghost.
Tensugalgo's ghost is moderately damaged.
You feel sick. Tensugalgo's ghost hits you.
You are more poisoned.
You sock tensugalgo's ghost!
Tensugalgo's ghost is severely damaged.
You feel very sick.
Tensugalgo's ghost hits you but does no damage.
You are lethally poisoned!
You closely miss tensugalgo's ghost.
Tensugalgo's ghost is severely damaged.
* * * LOW HITPOINT WARNING * * *
You feel very sick. Tensugalgo's ghost hits you.
* * * LOW HITPOINT WARNING * * *
You are more poisoned.
You hit tensugalgo's ghost but do no damage.
Tensugalgo's ghost is severely damaged.
* * * LOW HITPOINT WARNING * * *
You feel extremely sick. Tensugalgo's ghost closely misses you.
You barely miss tensugalgo's ghost.
Tensugalgo's ghost is severely damaged.
You die...

#.#.### #.#...######
# #.##........ ..**
###.##.##[...#
...######
#......#####.#
#.^....###..##...##
#..
#...............####.
* #........#.......#
#. * , ,
#...@....#.......# #.
_ #####W..##.......#
## ####.W.####.....##
#.......##.......#
#.......##.......#
###''†####.......#
##...$$####.....##
#$.$_$.∩* ##...## *
#8$.8..8* #####


You could see a phantom and tensugalgo's ghost.

Vanquished Creatures
  Robin (D:2)
  7 gnolls
  3 adders
  3 dart slugs
  4 ball pythons
  5 bats
  4 endoplasms
  2 giant cockroaches
  14 goblins
  11 hobgoblins
  6 jackals
  5 kobolds
  3 quokkas
  3 frilled lizards
  5 rats
76 creatures vanquished.

Notes
Turn   | Place    | Note
-------+----------+-------------------------------------------
     0 | D:1      | Rrauwl the Meteoran Fighter began the quest for the Orb.
     0 | D:1      | Reached XP level 1. HP: 19/19 MP: 2/2
    43 | D:1      | Reached XP level 2. HP: 26/26 MP: 3/3
   216 | D:1      | Reached XP level 3. HP: 23/31 MP: 4/4
   244 | D:1      | Reached skill level 3 in Maces & Flails
   480 | D:1      | Glimpsed the power of Zot.
   530 | D:1      | Glimpsed the power of Zot.
   598 | D:2      | Reached XP level 4. HP: 36/40 MP: 5/5
   606 | D:2      | HP: 1/40 [gnoll/+0 flail (2)]
   716 | D:2      | Reached XP level 5. HP: 46/46 MP: 6/6
   766 | D:2      | Reached skill level 4 in Maces & Flails
   885 | D:2      | Noticed Robin
   897 | D:2      | Killed Robin
  1049 | D:2      | Glimpsed the power of Zot.
  1096 | D:2      | Glimpsed the power of Zot.
  1153 | D:3      | Reached XP level 6. HP: 52/52 MP: 7/7
  1164 | D:3      | Reached skill level 5 in Maces & Flails
  1446 | D:3      | Found a runed translucent gate.
  1446 | D:3      | Found a runed translucent gate.
  1446 | D:3      | Found a runed translucent gate.
  1448 | D:3      | Found an opulent altar of Gozag.
  1450 | D:3      | Noticed tensugalgo's ghost (weakling AtRe)
  1455 | D:3      | Reached skill level 1 in Dodging
  1469 | D:3      | Succumbed to tensugalgo's ghost's poison

Illustrated notes

Levels and vault maps discovered:
D:1:      lemuel_arrival_cross, layout_loops_ring
D:2:      layout_basic, kennysheep_generic_room_16, uniq_robin, uniq_sigmund
D:3:      layout_rooms, gammafunk_temple_overflow_statue, ebering_ghost_gozag

Skill      XL: |  1  2  3  4  5  6 |
---------------+-------------------+-----
Shields        | 4 |  4.6
Maces & Flails | 3 4 5 |  5.2
Armour         | 4 |  4.4
Fighting       | 4 |  4.1
Dodging        | 1 |  1.0

Action                   |  1- 3 |  4- 6 || total
-------------------------+-------+-------++-------
Melee: Flail             |    67 |   181 ||   248
  Use: Potion            |     3 |     3 ||     6
       Scroll            |     1 |     5 ||     6
Armor: Scale mail        |    36 |    95 ||   131
       Chain mail        |       |     8 ||     8
Dodge: Dodged            |    20 |    56 ||    76
Block: Buckler           |    21 |    49 ||    70

Table legend: (Time is in decaauts)
 A = Elapsed time spent in this place.
 B = Non-inter-level travel time spent in this place.
 C = Inter-level travel time spent in this place.
 D = Time resting spent in this place.
 E = Time spent auto-exploring this place.
 F = Levels seen in this place.
 G = Mean time per level.
                   A        B        C        D        E       F      G
               +--------+--------+--------+--------+--------+-----+--------+
         Total |   1531 |   1446 |     85 |    100 |    736 |   3 |  510.3 |
       Dungeon |   1531 |   1446 |     85 |    100 |    736 |   3 |  510.3 |
               +--------+--------+--------+--------+--------+-----+--------+

Top non-repeatable levels by time:
     D:2: 615 daAuts
     D:1: 552 daAuts
     D:3: 363 daAuts
